 Dungeon Crawl Stone Soup version 0.30.0-15-g856e2d3f33 (webtiles) character file.

Game seed: 14680157414755678341

63 Kenran the Chopper (level 4, -1/34 HPs)
             Began as a Barachi Gladiator on May 18, 2023.
             Slain by a gnoll
             ... wielding a +0 spear
              (5 damage)
             ... on level 3 of the Dungeon.
             The game lasted 00:03:32 (1356 turns).

Kenran the Chopper (Barachi Gladiator)              Turns: 1356, Time: 00:03:33

Health: -1/34      AC:  9    Str: 15    XL:     4   Next: 10%
Magic:  4/4        EV:  8    Int:  9    God:
Gold:   90         SH:  0    Dex: 15    Spells: 3/3 levels left

rFire   . . .        g - +2 hand axe (heavy)
rCold   . . .        (no shield)
rNeg    . . .        o - +0 chain mail
rPois   .            c - +0 helmet
rElec   .            (no cloak)
rCorr   .            (no gloves)
SInv    .            (no boots)
Will    .....        (no amulet) Stlth
                     (no ring)
HPRegen 0.25/turn    (no ring)
MPRegen 0.09/turn

%: no passive effects
@: brilliant, hasted, quick
A: amphibious, slowness 1, strong legs 1, +LOS
a: Hop


You were on level 3 of the Dungeon.
You visited 1 branch of the dungeon, and saw 3 of its levels.

You collected 90 gold pieces.

Inventory:

Hand Weapons
 a - a +0 long sword
 g - a +2 heavy hand axe (weapon)
Missiles
 d - 3 throwing nets (quivered)
 e - a javelin
Armour
 c - a +0 helmet (worn)
 o - a +0 chain mail (worn)
 p - a +0 kite shield
Scrolls
 b - a scroll of teleportation
 h - a scroll of fear {unknown}
 k - a scroll of vulnerability {unknown}
 l - a scroll of magic mapping {unknown}
 m - a scroll of identify {unknown}
 n - a scroll of poison {unknown}
Potions
 i - a potion of might {unknown}


   Skills:
 - Level 2.4 Fighting
 - Level 3.6 Long Blades
 + Level 4.0 Axes
 - Level 2.0 Throwing
 - Level 3.2 Dodging


You had 3 spell levels left.
You didn't know any spells.
Your spell library contained the following spells:

 Spells                   Type           Power      Damage    Failure   Level
 Frozen Ramparts          Ice            0%         1d1       100%        3
 Ice Form                 Ice/Tmut       0%         N/A       100%        4
 Summon Ice Beast         Ice/Summ       0%         N/A       100%        4


Dungeon Overview and Level Annotations

Branches:
Dungeon (3/15)

Altars:
Hepliaklqana

Shops:
D:1 =

Annotations:
D:2 exclusion: downstairs


Innate Abilities, Weirdness & Mutations

You are amphibious.
You cover ground slowly.
You can hop short distances.
You have an extended range of vision and can be seen from far away.


Message History

Things that are here:
a +0 flail; a +0 chain mail; an orc corpse A gnoll is nearby!
The gnoll shouts! x2
The gnoll barely misses you. The gnoll closely misses you.
The gnoll shouts! x2
The gnoll hits you with a +0 spear.
You slash the gnoll!
The gnoll is almost dead.
The gnoll hits you but does no damage.
You closely miss the gnoll.
The gnoll is almost dead.
The gnoll hits you but does no damage. x3
The gnoll hits you from afar with a +0 spear.
You hit the gnoll.
You kill the gnoll!
The gnoll hits you from afar with a +0 spear. x2
The gnoll hits you but does no damage.
Your Axes skill increases to level 4!
You have reached level 4!
You feel clever.
Okay, then.
You slash the gnoll!
The gnoll is heavily wounded.
The gnoll closely misses you.
The gnoll hits you from afar with a +0 spear.
The gnoll hits you with a +0 spear. The gnoll hits you but does no damage.
You closely miss the gnoll.
The gnoll is heavily wounded.
The gnoll hits you but does no damage. The gnoll barely misses you.
It was a potion of brilliance.
You feel clever all of a sudden. The gnoll barely misses you.
The gnoll hits you from afar with a +0 spear.
* * * LOW HITPOINT WARNING * * *
It was a potion of haste.
You feel yourself speed up.
The gnoll hits you from afar with a +0 spear.
* * * LOW HITPOINT WARNING * * *
The gnoll hits you with a +0 spear.
You die... ≣≣≣≣≣

≣...≣ ≣._.≣ ≣...≣
≣≣###
≣≣≣≣≣.§§≣≣≣≣≣≣≣§§.#
≣.....§§§§§§§§§§§.#
≣.8...≣§§§§§§§§§§.#
≣.....§§§§§§§§§§§.##
≣≣≣≣≣..§≣≣≣≣≣≣≣@§.)##
≣...≣ ##..≣≣g...##
≣.⚱.≣ #.....g....# #
≣...≣ #.....g....# ..


≣≣≣≣≣ #..........# ... #..........# ?.. #..........# ... ##........## ...
#..<.....# You could see 3 gnolls.

Vanquished Creatures
  A gnoll (D:3)
  An adder (D:2)
  A dart slug (D:1)
  An orc (D:3)
  3 ball pythons (D:1)
  2 bats
  9 endoplasms
  2 giant cockroaches
  4 goblins
  4 hobgoblins
  3 quokkas
  A frilled lizard (D:1)
  2 kobolds
  A rat (D:1)
35 creatures vanquished.

Notes
Turn   | Place    | Note
-------+----------+-------------------------------------------
     0 | D:1      | Kenran the Barachi Gladiator began the quest for the Orb.
     0 | D:1      | Reached XP level 1. HP: 17/17 MP: 1/1
   113 | D:1      | Reached skill level 1 in Axes
   139 | D:1      | Reached XP level 2. HP: 23/23 MP: 2/2
   171 | D:1      | Reached skill level 2 in Axes
   198 | D:1      | Found Ipurokuok's Jewellery Emporium.
   515 | D:1      | Reached XP level 3. HP: 22/28 MP: 3/3
   684 | D:1      | Reached skill level 3 in Axes
  1304 | D:3      | Found a faded altar of an unknown god.
  1319 | D:3      | Found a hazy altar of Hepliaklqana.
  1353 | D:3      | Reached skill level 4 in Axes
  1353 | D:3      | Reached XP level 4. HP: 17/34 MP: 4/4
  1356 | D:3      | Slain by a gnoll

Illustrated notes

Levels and vault maps discovered:
D:1:      dpeg_arrival_three_bigger_balls, layout_loops_ring, serial_shops, shop
D:2:      layout_rooms
D:3:      minmay_goblin_kobold_castle, layout_rooms,
          beargit_hepliaklqana_dungeon_heroes, uniq_ijyb

Skill      XL: |  1  2  3 |
---------------+----------+-----
Axes           | 1 2 4 |  4.0
Fighting       | |  2.4
Long Blades    | |  3.6
Throwing       | |  2.0
Dodging        | |  3.2

Action                     |  1- 3 |  4- 6 || total
---------------------------+-------+-------++-------
  Melee: Hand axe          |    80 |     2 ||    82
    Use: Scroll            |     1 |       ||     1
         Potion            |       |     2 ||     2
   Stab: Sleeping          |     1 |       ||     1
 Armour: Leather armour    |    19 |       ||    19
         Chain mail        |    10 |     2 ||    12
         Scale mail        |     2 |       ||     2
  Dodge: Dodged            |    60 |     3 ||    63
